 Dungeon Crawl Stone Soup version 0.31.0-4-g52a2dc7128 (webtiles) character file.

Game seed: 13478170040844415985

140 Strat the Grave Robber (level 5, -1/28 HPs)
             Began as a Vine Stalker Necromancer on Jan 22, 2024.
             Killed by divine providence
             ... invoked by an orc priest
              (9 damage)
             ... on level 3 of the Dungeon.
             The game lasted 00:03:32 (2073 turns).

Strat the Grave Robber (Vine Stalker Necromancer)   Turns: 2073, Time: 00:03:32

Health: -1/28      AC:  6    Str: 10    XL:     5   Next: 23%
Magic:  0/9        EV: 10    Int: 15    God:
Gold:   233        SH:  0    Dex: 17    Spells: 7/8 levels left

rFire   . . .        a - +0 rapier
rCold   . . .        (no shield)
rNeg    . . .        c - +0 ring mail
rPois   .            (no helmet)
rElec   .            (no cloak)
rCorr   .            l - +0 pair of gloves
SInv    .            (no boots)
Will    .....        (no amulet)
Stlth   ++           (no ring)
HPRegen 1.04/turn    (no ring)
MPRegen 0.11/turn

%: guardian spirit
@: no status effects
A: fangs 2, regeneration 1, magic shield, antimagic bite, no potion heal 2
a: no special abilities


You were on level 3 of the Dungeon.
You visited 1 branch of the dungeon, and saw 3 of its levels.

You collected 233 gold pieces.

Inventory:

Hand Weapons
 a - a +0 rapier (weapon)
Armour
 c - a +0 ring mail (worn)
 f - an orb of energy
 l - a +0 pair of gloves (worn)
 o - a +0 leather armour
 s - a +0 robe
Scrolls
 d - 2 scrolls of enchant weapon {unknown}
 e - a scroll of noise {unknown}
 g - a scroll of silence {unknown}
 i - a scroll of brand weapon {unknown}
 k - a scroll of acquirement {unknown}
 q - 2 scrolls of revelation {unknown}
 r - 3 scrolls of poison {unknown}
Potions
 h - a potion of enlightenment {unknown}
 j - a potion of haste {unknown}
 m - a potion of ambrosia {unknown}
 n - a potion of degeneration {unknown}
 p - a potion of cancellation {unknown}
 t - 2 potions of brilliance {unknown}


   Skills:
 + Level 3.3 Fighting
 * Level 2.3 Short Blades
 - Level 1.5 Dodging
 - Level 2.4 Stealth
 - Level 2.1 Spellcasting
 - Level 4.0 Necromancy


You had 7 spell levels left.
You knew the following spells:

 Your Spells              Type           Power      Damage    Failure   Level
a - Necrotise             Necr           52%        1d6       11%         1

Your spell library contained the following spells:

 Spells                   Type           Power      Damage    Failure   Level
 Vampiric Draining        Necr           13%        2d6       32%         3
 Lesser Beckoning         Tloc           2%         N/A       65%         2
 Animate Dead             Necr           13%        N/A       73%         4
 Gell's Gravitas          Tloc           1%         N/A       86%         3
 Teleport Other           Tloc           1%         N/A       86%         3
 Curse of Agony           Necr           13%        N/A       97%         5


Dungeon Overview and Level Annotations

Branches:
Dungeon (3/15)

Altars:
Vehumet


Innate Abilities, Weirdness & Mutations

You have extremely sharp teeth.
Your natural rate of healing is unusually fast.
When hurt, damage is shared between your health and your magic reserves.
Your bite disrupts and absorbs the magic of your enemies.
Potions cannot restore your health.


Message History

You kill the orc!
You hit the orc.
You kill the orc!
The orc priest looks braver for a moment.
Items here: ))) [[[ †.
You hit the orc priest but do no damage.
You punch the orc priest.
The orc priest is lightly wounded.
The orc priest closely misses you.
You hit the orc priest but do no damage.
You bite the orc priest, but do no damage.
The orc priest is lightly wounded.
The orc priest mumbles some strange prayers to Beogh against you.
Beogh smites you!
* * * LOW HITPOINT WARNING * * *
You barely miss the orc priest.
The orc priest is lightly wounded.
The orc priest hits you with a +0 falchion.
* * * LOW HITPOINT WARNING * * *
You hit the orc priest but do no damage.
The orc priest is lightly wounded.
The orc priest hits you with a +0 falchion.
* * * LOW HITPOINT WARNING * * *
You completely miss the orc priest. Your bite misses the orc priest.
The orc priest is lightly wounded.
The orc priest hits you but does no damage.
The orc priest barely misses you.
You hit the orc priest. You bite the orc priest. You drain its power.
You feel invigorated.
The orc priest is moderately wounded.
The orc priest hits you with a +0 falchion.
* * * LOW HITPOINT WARNING * * *
You hit the orc priest. Your bite misses the orc priest.
The orc priest is severely wounded.
The orc priest misses you.
You hit the orc priest but do no damage.
The orc priest is severely wounded.
The orc priest invokes the aid of Beogh against you.
Beogh smites you!
You die...

....... ###.....# #######
#o###.# #..o#.## ###o...#
#....### #####o#...#
#...#)###.# #._.#J....##
#..@o#####'# #######....#
######## #.# ##)###
.......# #.# #.# ######.#
#.# #.#
####.#######.######.####
#........†.............#
###.##.#######.######.##.#
....##.# #># #.##.#


You could see an orc priest and an endoplasm.

Vanquished Creatures
  3 orc wizards (D:3)
  An adder (D:2)
  A ribbon worm (D:3)
  A dart slug (D:1)
  5 orcs (D:3)
  6 ball pythons
  An endoplasm (D:1)
  2 giant cockroaches
  A goblin (D:1)
  5 hobgoblins
  4 jackals (D:2)
  A kobold (D:3)
  2 quokkas
  5 bats
  A frilled lizard (D:1)
  5 rats
44 creatures vanquished.

Notes
Turn   | Place    | Note
-------+----------+-------------------------------------------
     0 | D:1      | Strat the Vine Stalker Necromancer began the quest for the
                  | Orb.
     0 | D:1      | Reached XP level 1. HP: 9/9 MP: 4/4
    86 | D:1      | Reached skill level 1 in Fighting
    86 | D:1      | Found a faded altar of an unknown god.
   238 | D:1      | Reached XP level 2. HP: 14/14 MP: 6/6
   785 | D:2      | Reached XP level 3. HP: 18/19 MP: 3/7
  1097 | D:2      | Found a radiant altar of Vehumet.
  1902 | D:3      | Reached XP level 4. HP: 23/23 MP: 8/8
  1918 | D:3      | Reached skill level 1 in Short Blades
  2001 | D:3      | Reached XP level 5. HP: 19/28 MP: 6/9
  2045 | D:3      | Found a radiant altar of Vehumet.
  2073 | D:3      | Killed from afar by an orc priest

Illustrated notes

Levels and vault maps discovered:
D:1:      dpeg_arrival_windows_large_door, layout_loops_ring,
          hellmonk_ecumenical_altar_lost_god
D:2:      layout_loops_cross, basic_altar
D:3:      layout_loops_ring, mainiacjoe_overflow_swirl, dreamdust_wishing_well,
          minmay_strange_pillars

Skill      XL: |  1  2  3  4 |
---------------+-------------+-----
Fighting       | 1 2 3 |  3.3
Short Blades   | 2 |  2.3
Dodging        | |  1.5
Stealth        | |  2.4
Spellcasting   | |  2.1
Necromancy     | |  4.0

Action                     |  1- 3 |  4- 6 || total
---------------------------+-------+-------++-------
  Melee: Spear             |    80 |       ||    80
         Bite              |    28 |    18 ||    46
         Rapier            |    28 |    52 ||    80
         Punch             |       |     1 ||     1
    Use: Potion            |       |     1 ||     1
   Stab: Sleeping          |    11 |       ||    11
 Armour: Robe              |    14 |       ||    14
         Ring mail         |    19 |    45 ||    64
         Leather armour    |    13 |       ||    13
  Dodge: Dodged            |    60 |    21 ||    81
